Map: Breakwater LE

Players

Dezznutz

  • Race: Terran Terran
  • League: Silver
  • Spawn Location: 1:00

wochaonima

  • Race: Zerg Zerg
  • Spawn Location: 1:00

cabriadon - Winner!

  • Race: Terran Terran
  • League: Master
  • Spawn Location: 7:00

Blackcat - Winner!

  • Race: Zerg Zerg
  • League: Platinum
  • Spawn Location: 7:00

VOD

Have the link to the VOD?

Description

glauco marques

Time

  • Played on: April 28, 2025, 1:07 p.m.
  • Length: 12:35
Show
View Real Time Build Order
Export as new Build Order

Dezznutz Terran 

Build Orders: Command Center First 

Get SALT Encoding   

  12  0:01  SCV  
  13  0:21  SCV  
  13  0:24  Supply Depot  
  14  0:38  SCV  
  15  0:54  SCV  
  16  1:07  Command Center  
  16  1:08  SCV  
  17  1:22  Barracks  
  17  1:23  SCV  
  18  1:53  Refinery  
  18  1:55  Refinery  
  18  1:56  SCV  
  18  1:57  Barracks  
  19  2:14  SCV  
  20  2:23  Marine  
  22  2:36  Orbital Command  
  21  2:41  Marine  
  22  2:44  SCV  
  22  2:45  Marine, Supply Depot  
  24  2:55  Factory  
  24  2:56  SCV  
  25  3:03  Marine x2  
  27  3:17  SCV  
  27  3:19  SCV  
  29  3:20  Marine  
  29  3:21  Marine  
  31  3:38  Marine  
  19  4:12  Marine x2  
  20  4:25  Factory Tech Lab  
  20  4:30  Marine x2  
  22  4:38  Starport  
  22  4:45  SCV x2  
  24  4:47  Marine  
  24  4:48  Marine  
  26  4:57  SCV x2  
  31  5:00  Siege Tank  
  31  5:05  Marine x2  
  33  5:15  SCV  
  33  5:17  Starport Reactor  
  34  5:23  Marine  
  34  5:27  Marine  
  36  5:32  SCV  
  37  5:41  Marine  
  39  5:45  SCV  
  40  5:57  SCV  
  40  6:09  SCV, Medivac x2  
  45  6:20  Barracks  
  45  6:21  SCV  
  45  6:25  Barracks Reactor  
  46  6:31  Barracks Tech Lab  
  46  6:41  SCV x2  
  46  6:44  Liberator x2  
  54  7:11  SCV  
  54  7:14  Siege Tank  
  49  7:48  SCV x2  
  49  7:50  Refinery  
  49  7:51  Liberator  
  54  7:52  Refinery  
  54  8:03  Supply Depot  
  54  8:11  Barracks Reactor, Orbital Command  
  54  8:22  Supply Depot  
  54  8:24  SCV, Liberator  
  58  8:31  Siege Tank  
  61  8:35  Marine  
  62  8:44  SCV, Marine x2, Liberator  
  62  8:45  Engineering Bay  
  62  8:47  SCV, Engineering Bay  
  69  8:53  Marine  
  70  8:59  Command Center  
  70  9:03  Supply Depot  
  70  9:09  Supply Depot  
  70  9:14  SCV, Marine x2  
  70  9:16  SCV  
  74  9:33  Widow Mine  
  76  9:51  SCV x2  
  78  9:55  Widow Mine  
  80  10:04  Factory  
  80  10:11  Missile Turret  
  80  10:16  Widow Mine  
  73  10:31  Missile Turret  
  44  10:46  SCV  
  44  10:47  SCV  
  44  10:49  Widow Mine  
  32  10:52  Widow Mine  
  30  10:59  SCV  
  28  11:05  Missile Turret x3  
  28  11:06  Missile Turret  
  28  11:07  Missile Turret x2, Marine x2  
  28  11:11  SCV, Widow Mine  
  31  11:13  Widow Mine  
  33  11:32  Widow Mine  
  35  11:35  Widow Mine  
  27  11:40  Marine x3  
  27  11:44  Marine x2  
  32  11:53  Widow Mine  
  34  11:56  Widow Mine  
  34  11:58  Marine  
  37  12:04  Orbital Command  
Show
View Real Time Build Order
Export as new Build Order

wochaonima Zerg 

Build Orders: Hatch First 

Get SALT Encoding   

  12  0:02  Drone  
  13  0:12  Drone  
  14  0:19  Extractor, Drone  
  14  0:23  Extractor  
  14  0:24  Drone  
  16  0:47  Overlord  
  16  0:54  Hatchery  
  15  1:07  Spawning Pool  
  15  1:09  Drone  
  15  1:11  Extractor  
  15  1:12  Drone  
  15  1:16  Drone  
  16  1:42  Drone x3  
  19  1:57  Drone  
  19  1:59  Queen  
  22  2:05  Roach Warren  
  22  2:08  Drone  
  22  2:12  Queen  
  22  2:15  Drone  
  25  2:21  Overlord  
  25  2:31  Overlord  
  25  2:35  Drone x2  
  27  2:50  Roach x2  
  31  2:53  Roach x2  
  35  2:59  Roach  
  35  3:03  Roach  
  39  3:08  Roach  
  39  3:10  Overlord  
  41  3:14  Roach  
  43  3:21  Drone  
  44  3:32  Roach x3  
  50  3:59  Drone x2  
  39  4:26  Queen  
  39  4:28  Drone x4  
  43  4:34  Roach x4  
  43  4:35  Drone  
  50  4:46  Drone  
  50  4:47  Drone  
  52  5:03  Overlord  
  52  5:18  Lair  
  52  5:19  Overlord  
  52  5:21  Queen  
  54  5:24  Drone x2  
  56  5:29  Drone  
  57  5:44  Drone x4  
  61  5:53  Drone  
  62  5:57  Drone  
  62  5:58  Drone x2  
  62  6:00  Extractor  
  64  6:07  Extractor  
  64  6:08  Overlord x2  
  63  6:18  Hatchery  
  62  6:25  Drone  
  63  6:34  Spire  
  63  6:36  Drone x3  
  65  6:48  Drone x3  
  66  7:00  Spine Crawler  
  66  7:01  Roach, Spine Crawler  
  50  7:14  Roach x3  
  44  7:22  Roach  
  48  7:23  Roach x4  
  54  7:33  Drone  
  54  7:34  Drone x2  
  55  7:46  Drone  
  55  7:47  Queen, Drone  
  59  7:52  Extractor  
  59  7:56  Drone  
  59  8:00  Drone x3  
  59  8:02  Zerg Flyer Weapons Level 1  
  59  8:05  Drone x3  
  65  8:08  Drone  
  66  8:13  Glial Reconstitution  
  66  8:18  Drone  
  67  8:36  Drone x2  
  69  8:48  Overseer  
  69  8:55  Overlord  
  69  8:56  Overlord x2  
  69  8:58  Overlord  
  69  8:59  Overlord  
  69  9:01  Mutalisk x4  
  77  9:04  Mutalisk  
  77  9:05  Mutalisk x3  
  85  9:10  Drone x4  
  85  9:11  Drone  
  85  9:13  Extractor  
  89  9:27  Drone  
  89  9:30  Mutalisk x2  
  94  9:32  Mutalisk  
  94  9:36  Overlord x2  
  96  9:39  Extractor  
  96  9:43  Drone  
  96  9:44  Drone x2  
  98  9:46  Drone x2  
  100  10:01  Mutalisk x3  
  101  10:26  Roach  
  101  10:27  Roach x7  
  101  10:28  Roach x2  
  112  10:31  Mutalisk  
  108  10:49  Mutalisk x2  
  90  11:16  Corruptor x2  
  57  12:12  Drone x6, Spire  
Show
View Real Time Build Order
Export as new Build Order

cabriadon Terran - Winner!

Build Orders:  

Get SALT Encoding   

  12  0:10  Supply Depot  
  12  0:15  SCV  
  13  0:33  Barracks  
  13  0:37  SCV  
  14  0:49  SCV, Refinery  
  15  1:01  SCV  
  16  1:13  SCV  
  17  1:21  Supply Depot  
  17  1:25  SCV  
  18  1:28  Marine  
  19  1:37  SCV  
  20  1:40  Refinery  
  20  1:44  Supply Depot  
  20  1:46  Marine  
  21  1:49  SCV  
  22  1:59  Factory  
  22  2:01  SCV  
  23  2:14  Barracks Reactor  
  23  2:18  SCV  
  24  2:30  SCV  
  25  2:42  SCV  
  26  2:44  Factory Tech Lab  
  26  2:47  Starport  
  26  2:51  Marine x2  
  26  2:57  Supply Depot  
  28  3:09  Marine x2  
  28  3:11  Orbital Command, Barracks  
  30  3:17  Supply Depot  
  30  3:27  Starport Reactor  
  30  3:40  Supply Depot  
  30  3:44  Marine  
  31  3:52  Marine  
  31  3:54  Siege Tank  
  35  4:00  SCV  
  35  4:02  Marine  
  37  4:06  Barracks Reactor  
  37  4:09  Marine  
  37  4:12  SCV  
  39  4:20  Marine  
  40  4:24  SCV  
  40  4:27  Marine  
  35  4:48  Siege Tank  
  35  4:49  Marine x4  
  42  4:57  Medivac x2  
  46  5:07  Marine x3  
  49  5:18  Command Center  
  49  5:24  Marine  
  49  5:25  Marine x2  
  49  5:27  Medivac  
  54  5:31  Siege Tank  
  57  5:37  Marine  
  58  6:03  SCV  
  59  6:16  SCV  
  60  6:21  Refinery  
  60  6:28  SCV  
  60  6:31  Marine  
  60  6:32  Marine x3  
  65  6:39  Siege Tank  
  68  6:49  Marine  
  46  7:36  Marine  
  46  7:37  Marine x3  
  47  7:42  Siege Tank  
  53  7:52  Orbital Command  
  53  7:54  Marine x2  
  53  7:55  Marine, Viking  
  53  7:56  Viking  
  60  8:05  SCV  
  61  8:14  Siege Tank  
  61  8:18  SCV  
  65  8:23  Marine x3  
  65  8:24  Marine  
  65  8:25  Viking  
  65  8:26  Engineering Bay  
  71  8:27  Engineering Bay  
  71  8:37  SCV  
  72  8:49  SCV  
  73  9:01  SCV  
  74  9:04  Marine x4  
  78  9:11  Supply Depot  
  78  9:14  Terran Infantry Weapons Level 1  
  78  9:15  Terran Infantry Armor Level 1  
  78  9:18  Command Center  
  78  9:33  SCV, Siege Tank  
  78  9:34  Marine x2, Supply Depot  
  78  9:35  Marine x2  
  86  9:55  Viking  
  86  9:56  SCV  
  86  9:58  Supply Depot  
  89  10:02  Marine  
  89  10:03  Marine x3  
  93  10:08  SCV  
  94  10:20  SCV, Siege Tank, Viking  
  98  10:25  Viking  
  93  10:32  SCV  
  73  10:44  SCV  
  74  10:53  Marine x3  
  74  10:54  Marine  
  74  10:56  Siege Tank  
  81  10:58  Viking  
  81  10:59  Viking  
  84  11:11  Marine x2  
  81  11:20  Marine x2  
  83  11:28  Cyclone, Viking  
  83  11:29  Marine x2, Viking  
  91  11:38  Armory  
  90  11:42  Armory  
  90  11:45  Supply Depot  
  90  11:47  Marine  
  90  11:48  Marine x3  
  90  11:52  Planetary Fortress  
  94  11:55  Refinery  
  94  11:57  Refinery  
  94  11:58  Viking x2  
  94  12:00  Cyclone  
Show
View Real Time Build Order
Export as new Build Order

Blackcat Zerg - Winner!

Build Orders: Pool First 

Get SALT Encoding   

  12  0:01  Drone  
  13  0:08  Drone  
  14  0:16  Overlord  
  14  0:34  Spawning Pool  
  13  0:35  Extractor  
  12  0:47  Drone x3  
  15  0:59  Drone  
  16  1:09  Drone  
  17  1:18  Extractor  
  17  1:21  Zergling x2  
  17  1:23  Queen  
  19  1:31  Zergling x2  
  20  1:35  Metabolic Boost  
  20  1:41  Zergling x2  
  21  1:53  Overlord  
  21  1:59  Evolution Chamber  
  20  2:03  Zergling x2  
  21  2:13  Zergling x2  
  22  2:24  Zergling x2  
  22  2:26  Zerg Melee Weapons Level 1  
  23  2:35  Zergling x6  
  26  2:40  Zergling x2  
  27  2:49  Zergling x2  
  28  3:01  Zergling x2  
  29  3:06  Zergling x2  
  29  3:08  Overlord  
  30  3:28  Zergling x6  
  17  4:29  Drone x3  
  17  4:30  Queen  
  22  4:49  Zerg Missile Weapons Level 1  
  22  4:50  Hatchery  
  22  4:52  Drone x2  
  23  4:54  Drone  
  23  4:57  Hatchery  
  23  5:02  Drone x3  
  26  5:13  Drone  
  27  5:17  Lair  
  27  5:32  Drone x4  
  31  5:48  Drone x2  
  33  6:08  Extractor, Drone x4  
  33  6:10  Extractor  
  35  6:18  Spire  
  34  6:20  Drone x3  
  37  6:26  Drone  
  37  6:27  Drone x5  
  37  6:31  Drone  
  44  6:35  Drone  
  44  6:36  Drone x3  
  48  7:24  Queen  
  50  7:33  Overlord x3  
  50  7:35  Overlord  
  50  7:40  Zerg Flyer Weapons Level 1  
  50  7:48  Overlord x2  
  50  7:53  Mutalisk x10  
  50  7:54  Mutalisk x2  
  74  7:59  Mutalisk  
  74  8:04  Drone  
  74  8:05  Drone x3  
  80  8:07  Drone  
  81  8:17  Mutalisk  
  81  8:18  Mutalisk  
  85  8:28  Drone x8  
  85  8:30  Extractor  
  93  8:34  Drone x3  
  93  8:35  Extractor  
  93  8:36  Drone  
  95  8:48  Mutalisk  
  97  8:50  Overlord x2  
  97  9:01  Overlord  
  97  9:02  Overlord  
  97  9:14  Mutalisk  
  97  9:15  Mutalisk x4  
  107  9:27  Mutalisk x2  
  111  9:33  Mutalisk  
  111  9:34  Zerg Flyer Armor Level 1  
  113  9:42  Zergling x22  
  124  9:53  Mutalisk  
  124  9:54  Mutalisk x2  
  130  10:03  Overlord x2  
  130  10:04  Overlord x4  
  91  11:34  Mutalisk x12  
  91  11:35  Mutalisk x4  
  123  11:43  Mutalisk  
Tags
 
Add a new tag
Caveats
  • Supply blocks, unpowered buildings, or Contaminate may cause inaccurate times.
  • Supply counts are checked every 10 seconds.